 Dungeon Crawl Stone Soup version 0.28-a0-1033-g1a2f33fa85 (webtiles) character file.

Game seed: 17685111026047693923

354 ryw the Caller (level 6, -8/50 HPs)
             Began as a Hill Orc Summoner on Dec 3, 2021.
             Was an Initiate of Okawaru.
             Mangled by an ogre (25 damage)
             ... on level 4 of the Dungeon on Dec 7, 2021.
             The game lasted 00:17:23 (6170 turns).

ryw the Caller (Hill Orc Summoner)                  Turns: 6170, Time: 00:17:25

Health: -8/50      AC:  2    Str: 11    XL:     6   Next: 62%
Magic:  9/10       EV: 12    Int: 23    God:    Okawaru [......]
Gold:   157        SH:  0    Dex: 11    Spells: 3/10 levels left

rFire   + . .      SeeInvis .   h - +1 whip (elec)
rCold   + . .      Faith    .   (no shield)
rNeg    . . .      Spirit   .   a - +0 robe
rPois   .          Reflect  .   (no helmet)
rElec   .          Harm     .   f - scarf {rC+ rF+}
rCorr   .          Rampage  .   (no gloves)
Will    .....                   (no boots)
Stlth   ++........              (no amulet)
HPRegen 0.16/turn               g - +6 ring of intelligence
MPRegen 0.12/turn               l - ring of wizardry

@: no status effects
A: no striking features
a: Renounce Religion


You were on level 4 of the Dungeon.
You worshipped Okawaru.
Okawaru was noncommittal.
You visited 2 branches of the dungeon, and saw 5 of its levels.

You collected 157 gold pieces.

Inventory:

Hand Weapons
 h - a +1 whip of electrocution (weapon)
Missiles
 e - 3 javelins (quivered)
 k - a throwing net
Armour
 a - a +0 robe (worn)
 f - a scarf of resistance (worn)
 i - a +2 chain mail of fire resistance
 j - a +0 scale mail
Jewellery
 g - a +6 ring of intelligence (left hand)
 l - a ring of wizardry (right hand)
Scrolls
 d - 8 scrolls of identify
Potions
 b - 2 potions of lignification {unknown}
 c - 3 potions of curing
 n - a potion of attraction {unknown}


   Skills:
 + Level 2.5 Fighting
 - Level 0.3 Short Blades
 + Level 0.0 Armour
 + Level 2.7 Dodging
 - Level 1.6 Stealth
 - Level 2.8 Spellcasting
 - Level 5.8 Summonings


You had 3 spell levels left.
You knew the following spells:

 Your Spells              Type           Power      Damage    Failure   Level
c - Call Canine Familiar  Summ           30%        N/A       1%          3
d - Summon Guardian Gole  Hex/Summ       16%        N/A       4%          3
e - Slow                  Hex            12%        N/A       4%          1

Your spell library contained the following spells:

 Spells                   Type           Power      Damage    Failure   Level
 Confusing Touch          Hex            3%         N/A       14%         3
 Yara's Violent Unravell  Hex/Tmut       1%         3d3       75%         5
 Summon Small Mammal      Summ           Unusable   N/A       N/A         1
 Call Imp                 Summ           Unusable   N/A       N/A         2
 Summon Lightning Spire   Summ/Air       Unusable   N/A       N/A         4

Dungeon Overview and Level Annotations

Branches:
Dungeon (4/15)             Temple (1/1) D:4

Altars:
Ashenzari
Cheibriados
Dithmenos
Elyvilon
Fedhas
Gozag
Hepliaklqana
Kikubaaqudgha
Makhleb
Nemelex Xobeh
Okawaru
Qazlal
Ru
Sif Muna
Trog
Uskayaw
Vehumet
Wu Jian
Xom
Yredelemnul
Zin
The Shining One


Message History

There is an open door here.
As you open the door, it creaks loudly!
There is an open door here.
You open the door.
There is an open door here.
You open the door.
There is an open door here.
You open the door.
An ogre comes into view. It is wielding a +0 giant club.
Found 18 poisoned darts.
An ogre is nearby!
There is an open door here.
The ogre hits you with a +0 giant club!!
Ouch! That really hurt!
You are too injured to fight recklessly!
Unknown command.
There is an open door here.
The ogre barely misses you.
The ogre hits you with a +0 giant club!!
* * * LOW HITPOINT WARNING * * *
Things that are here:
a staff of death; a +0 hand axe
Casting: Slow (safe; 4% risk of failure)
Confirm with . or Enter, or press ? or * to list all spells.
Aiming: Slow (safe; 4% risk of failure)
Press: ? - help, Shift-Dir - straight line, f - ogre
Aim: an ogre, wielding a +0 giant club (chance to affect: 36%)
The ogre seems to slow down.
Unknown command.
The ogre is no longer moving slowly.
There is an open door here.
Casting: Slow (safe; 4% risk of failure)
Confirm with . or Enter, or press ? or * to list all spells.
Aiming: Slow (safe; 4% risk of failure)
Press: ? - help, Shift-Dir - straight line, f/p - ogre
Aim: an ogre, wielding a +0 giant club (chance to affect: 36%)
The ogre easily resists.
The ogre hits you with a +0 giant club!!
Ouch! That really hurt!
You die...

#..#...........#..##.##'##......
#..#<..........#+###.##..#......
#..#...........#...#.....'.[....
#..#...........#...'.....#......
#..#####'#.....#...#.....#......
##'##....#.....#...#.....#......
#..##....#.....#...#.....#......
#..#######.....###########......
#..#...........@O...............
###'#............................
#..........................#'####
#..........................#....#
#....................#######.....
#....................#....#######
################.....#....##....#
#.....'.....#....#
#.....#.....#5...#


You could see an ogre.

Vanquished Creatures
  A scorpion (D:4)
  Natasha (twice) (D:3)
  A hound skeleton (D:4)
  An adder skeleton (D:4)
  A dart slug (D:4)
  3 orcs (D:4)
  6 endoplasms
  4 goblins
  10 hobgoblins
  2 jackals
  A quokka (D:1)
  4 ball pythons
  3 bats
  2 kobolds (D:4)
  5 rats
46 creatures vanquished.

Vanquished Creatures (collateral kills)
  A howler monkey (D:4)
  A jelly (D:3)
  Terence (D:2)
  Natasha (D:3)
  A gnoll (D:2)
  An adder (D:2)
  A worm (D:4)
  A dart slug (D:1)
  2 ball pythons (D:3)
  3 endoplasms
  A giant cockroach (D:1)
  3 goblins
  A hobgoblin (D:1)
  10 jackals
  8 kobolds
  A quokka (D:1)
  2 bats
  A frilled lizard (D:2)
  A rat (D:2)
41 creatures vanquished.

Grand Total: 87 creatures vanquished

Notes
Turn   | Place    | Note
-------+----------+-------------------------------------------
     0 | D:1      | ryw the Hill Orc Summoner began the quest for the Orb.
     0 | D:1      | Reached XP level 1. HP: 14/14 MP: 3/3
    65 | D:1      | Upgraded the game from 0.28-a0-984-g3775c662fe to
                  | 0.28-a0-998-gb9e9c7b67e
   452 | D:1      | Reached XP level 2. HP: 14/20 MP: 1/4
   558 | D:1      | Learned a level 2 spell: Call Imp
   558 | D:1      | Upgraded the game from 0.28-a0-998-gb9e9c7b67e to
                  | 0.28-a0-1033-g1a2f33fa85
  1546 | D:1      | Reached XP level 3. HP: 26/26 MP: 3/6
  1678 | D:2      | Learned a level 3 spell: Call Canine Familiar
  1732 | D:2      | Noticed Terence
  1923 | D:2      | Found a faded altar of an unknown god.
  2199 | D:2      | Killed Terence
  2287 | D:3      | Noticed Natasha
  2292 | D:3      | Reached XP level 4. HP: 30/34 MP: 2/7
  2711 | D:3      | Killed Natasha
  2712 | D:3      | Reached skill level 1 in Fighting
  2924 | D:3      | Noticed Natasha
  2932 | D:3      | Killed Natasha
  2933 | D:3      | Reached skill level 5 in Summonings
  2933 | D:3      | Reached XP level 5. HP: 20/40 MP: 2/8
  3079 | D:3      | Noticed Natasha
  3086 | D:3      | Killed Natasha
  4254 | D:4      | Reached XP level 6. HP: 48/48 MP: 3/10
  4944 | D:3      | Learned a level 3 spell: Summon Guardian Golem
  5005 | D:4      | Found a staircase to the Ecumenical Temple.
  5080 | Temple   | Entered the Ecumenical Temple
  5282 | Temple   | Became a worshipper of Warmaster Okawaru
  5383 | D:4      | Learned a level 1 spell: Slow
  5948 | D:4      | Found a shimmering blue altar of Sif Muna.
  6170 | D:4      | Mangled by an ogre

Illustrated notes

Levels and vault maps discovered:
D:1:      heliophobic_arrival_battle_scene, layout_basic, moated_statue
D:2:      kennysheep_six_static_rooms, layout_loops_cross,
          hellmonk_ecumenical_altar_crossroads, item_on_display_a, uniq_terence
D:3:      layout_rooms, uniq_natasha
D:4:      layout_gridville, marbit_many_paths, minmay_temple_entry_purple_smoke
Temple:   minmay_crystal_snake_temple

Skill      XL: |  1  2  3  4  5 |
---------------+----------------+-----
Spellcasting   | 2 |  2.8
Fighting       | 1 2 |  2.5
Dodging        | 2 |  2.7
Summonings     | 5 |  5.8
Short Blades   | |  0.3
Stealth        | |  1.6

Action                   |  1- 3 |  4- 6 || total
-------------------------+-------+-------++-------
Melee: Short sword       |    51 |       ||    51
       Whip              |     7 |   123 ||   130
Throw: Javelin           |     1 |       ||     1
 Cast: Summon Small Mamm |    19 |       ||    19
       Call Imp          |    11 |    17 ||    28
       Call Canine Famil |     3 |    13 ||    16
       Slow              |       |     3 ||     3
  Use: Scroll            |     5 |     6 ||    11
 Stab: Sleeping          |     1 |       ||     1
       Distracted        |       |     1 ||     1
Armor: Robe              |    12 |    27 ||    39
Dodge: Dodged            |    54 |   101 ||   155

Table legend: (Time is in decaauts)
 A = Elapsed time spent in this place.
 B = Non-inter-level travel time spent in this place.
 C = Inter-level travel time spent in this place.
 D = Time resting spent in this place.
 E = Time spent auto-exploring this place.
 F = Levels seen in this place.
 G = Mean time per level.
                   A        B        C        D        E       F      G
               +--------+--------+--------+--------+--------+-----+--------+
         Total |   6209 |   5833 |    376 |    937 |   3912 |   5 | 1241.8 |
       Dungeon |   5990 |   5657 |    333 |    937 |   3770 |   4 | 1497.5 |
        Temple |    219 |    176 |     43 |      0 |    142 |   1 |  219.0 |
               +--------+--------+--------+--------+--------+-----+--------+

Top non-repeatable levels by time:
     D:1: 1807 daAuts
     D:2: 1507 daAuts
     D:4: 1354 daAuts
     D:3: 1320 daAuts
  Temple: 219 daAuts
